 Dungeon Crawl Stone Soup version 0.30-a0-618-gd6c86c23d0 (webtiles) character file.

Game seed: 351981056278441014

108817 greasedhog the Warrior (level 16, -33/151 HPs)
             Began as a Grey Draconian Fighter on Jan 9, 2023.
             Was the Champion of Qazlal.
             Annihilated by a titanic slime creature (94 damage)
             ... on level 15 of the Dungeon.
             The game lasted 00:51:46 (29256 turns).

greasedhog the Warrior (Grey Draconian Fighter)    Turns: 29256, Time: 00:51:46

Health: -33/151    AC: 18    Str: 21    XL:     16   Next: 3%
Magic:  26/26      EV: 19    Int: 11    God:    Qazlal [******]
Gold:   964        SH: 21    Dex: 15    Spells: 15/15 levels left

rFire   + + .      SeeInvis .    a - +6 long sword (flame)
rCold   + + .      Faith    .    J - +0 kite shield
rNeg    + . .      Spirit   .    (body armour unavailable)
rPois   +          Reflect  .    O - -2 hat of the Alchemist {rElec rPois rF+ rC+ rN+ Will+ rMut rCorr}
rElec   +          Harm     .    H - +0 cloak
rCorr   +          Rampage  .    y - +0 pair of gloves
rMut    +                        (no boots)
Will    ++...                    F - amulet of regeneration
Stlth   +                        B - ring of protection from cold
HPRegen 1.25/turn                K - ring "Ecraehawe" {rF+ rCorr AC+4 Int+3 Dex-2}
MPRegen 0.20/turn

@: studying Long Blades, repel missiles
A: AC +14, amphibious, unfitting armour, cold-blooded
a: Renounce Religion, Upheaval, Elemental Force, Disaster Area


You were on level 15 of the Dungeon.
You worshipped Qazlal.
Qazlal was exalted by your worship.
You visited 4 branches of the dungeon, and saw 23 of its levels.
You also visited: Ice Cave.

You collected 2215 gold pieces.
You spent 1251 gold pieces at shops.

Inventory:

Hand Weapons
 a - a +6 long sword of flaming (weapon)
 b - a +2 long sword of holy wrath
Missiles
 w - a curare-tipped dart (quivered)
 x - 2 throwing nets
Armour
 y - a +0 pair of gloves (worn)
 H - a +0 cloak (worn)
 J - a +0 kite shield (worn)
 O - the -2 hat of the Alchemist (worn) {rElec rPois rF+ rC+ rN+ Will+ rMut rCorr}
   (You bought it in a shop on level 2 of the Orcish Mines)

   rF:        It protects you from fire.
   rC:        It protects you from cold.
   rElec:     It insulates you from electricity.
   rPois:     It protects you from poison.
   rN:        It protects you from negative energy.
   rCorr:     It protects you from acid and corrosion.
   rMut:      It protects you from mutation.
   Will:      It increases your willpower.
Jewellery
 f - a ring of positive energy
 j - a ring of wizardry
 n - a ring of poison resistance
 z - a ring of willpower
 B - a ring of protection from cold (left hand)
 F - an amulet of regeneration (around neck)
 K - the ring "Ecraehawe" (right hand) {rF+ rCorr AC+4 Int+3 Dex-2}
   (You found it on level 3 of the Lair of Beasts)

   [ring of protection]

   AC:        It affects your AC (+4).
   Int:       It affects your intelligence (+3).
   Dex:       It affects your dexterity (-2).
   rF:        It protects you from fire.
   rCorr:     It protects you from acid and corrosion.
 R - a ring of positive energy
Wands
 I - a wand of charming (11)
 M - a wand of polymorph (10)
 N - a wand of roots (10)
 P - a wand of flame (30)
Scrolls
 c - 3 scrolls of enchant armour
 e - 7 scrolls of poison
 h - a scroll of brand weapon
 i - 8 scrolls of teleportation
 k - 6 scrolls of amnesia
 p - a scroll of fog
 s - 6 scrolls of fear
 t - 2 scrolls of immolation
 u - a scroll of silence
 D - 6 scrolls of identify
 L - 2 scrolls of enchant weapon
 Q - a scroll of magic mapping
Potions
 d - 6 potions of brilliance
 g - 10 potions of heal wounds
 l - 2 potions of flight
 m - 9 potions of curing
 o - 4 potions of magic
 q - a potion of invisibility {unknown}
 r - 3 potions of mutation
 v - a potion of might
 A - 2 potions of lignification
 C - 2 potions of haste
 E - 5 potions of attraction
 G - a potion of berserk rage {unknown}


   Skills:
 * Level 16.2 Fighting
 - Level 14.0 Long Blades
 * Level 15.4 Dodging
 - Level 14.1 Shields
 * Level 13.5 Invocations


You had 15 spell levels left.
You didn't know any spells.
Your spell library contained the following spells:

 Spells                   Type           Power      Damage    Failure   Level
 Beastly Appendage        Tmut           0%         N/A       54%         1
 Kiss of Death            Conj/Necr      0%         2d5       54%         1
 Slow                     Hex            0%         N/A       54%         1
 Sting                    Tmut/Pois      0%         1d3       54%         1
 Blink                    Tloc           0%         N/A       69%         2
 Cigotuvi's Dreadful Rot  Necr/Pois/Air  0%         N/A       69%         2
 Momentum Strike          Conj/Tloc      0%         3d8       69%         2
 Passwall                 Tmut/Erth      0%         N/A       69%         2
 Poisonous Vapours        Pois/Air       0%         N/A       69%         2
 Wereblood                Tmut           0%         N/A       69%         2
 Confusing Touch          Hex            0%         N/A       89%         3
 Lesser Beckoning         Tloc           0%         N/A       89%         3
 Mephitic Cloud           Conj/Pois/Air  0%         N/A       89%         3
 Spider Form              Tmut/Pois      0%         N/A       89%         3
 Stone Arrow              Conj/Erth      0%         3d7       89%         3
 Tukima's Dance           Hex            0%         N/A       89%         3
 Vampiric Draining        Necr           0%         2d6       89%         3
 Airstrike                Air            0%         2d(0-16)  100%        4
 Dispel Undead            Necr           0%         3d6       100%        4
 Passage of Golubria      Tloc           0%         N/A       100%        4
 Summon Lightning Spire   Summ/Air       0%         N/A       100%        4
 Blade Hands              Tmut           0%         N/A       100%        5
 Fireball                 Conj/Fire      0%         3d3       100%        5
 Freezing Cloud           Conj/Ice/Air   0%         6-21      100%        5
 Lightning Bolt           Conj/Air       0%         1d11      100%        5
 Yara's Violent Unravell  Hex/Tmut       0%         3d3       100%        5
 Death Channel            Necr           0%         N/A       100%        6
 Iron Shot                Conj/Erth      0%         9d1       100%        6
 Simulacrum               Ice/Necr       0%         N/A       100%        6
 Starburst                Conj/Fire      0%         6d3       100%        6
 Polar Vortex             Ice            0%         N/A       100%        9
 Shatter                  Erth           0%         3d5*      100%        9
 Animate Armour           Summ/Erth      Unusable   N/A       N/A         4

Dungeon Overview and Level Annotations

Branches:
Dungeon (15/15)            Temple (1/1) D:7            Lair (5/5) D:10
  Swamp (0/4) Lair:3       Spider (0/4) Lair:2        Slime (0/5) Lair:4
    Orc (2/2) D:11            Elf (0/3) Orc:2        Vaults (0/5) D:14
  IceCv (visited)
 Depths: D:15

Altars:
Ashenzari
Cheibriados
Dithmenos
Elyvilon
Fedhas
Gozag
Hepliaklqana
Kikubaaqudgha
Makhleb
Nemelex Xobeh
Okawaru
Qazlal
Ru
Sif Muna
Trog
Uskayaw
Vehumet
Wu Jian
Xom
Yredelemnul
Zin
The Shining One
Jiyva

Shops:
D:3 *   D:9 ?*   Orc:2 ?:![(

Portals:
Pandemonium: Orc:2

Annotations:
D:9 4 transporters


Innate Abilities, Weirdness & Mutations

Your dull iron-grey scales are very hard. (AC +14)
You are amphibious.
You cannot fit into any form of body armour.
You are cold-blooded and may be slowed by cold attacks.


Message History

You hit the titanic slime creature. You burn the titanic slime creature.
You tail-slap the titanic slime creature, but do no damage.
The titanic slime creature is severely wounded.
The titanic slime creature misses you.
You hit the titanic slime creature. You burn the titanic slime creature.
The titanic slime creature is severely wounded.
You block the titanic slime creature's attack.
You barely miss the titanic slime creature.
You tail-slap the titanic slime creature, but do no damage.
The titanic slime creature is severely wounded.
You slash the titanic slime creature! You burn the titanic slime creature.
You tail-slap the titanic slime creature.
The titanic slime creature is severely wounded.
The titanic slime creature misses you.
The tengu conjurer is engulfed in blazing flames.
The battlesphere is engulfed in freezing vapours.
You slash the titanic slime creature! You burn the titanic slime creature.
You tail-slap the titanic slime creature, but do no damage.
The titanic slime creature is almost dead.
The titanic slime creature completely misses you.
The tengu conjurer is engulfed in blazing flames.
You kill the tengu conjurer!
Qazlal accepts your kill.
The battlesphere dissipates.
You hit the titanic slime creature. You burn the titanic slime creature.
The titanic slime creature is almost dead.
You block the titanic slime creature's attack.
You slash the titanic slime creature! You burn the titanic slime creature.
The titanic slime creature is almost dead.
You block the titanic slime creature's attack.
You slash the titanic slime creature! You burn the titanic slime creature.
The titanic slime creature is almost dead.
You slash the titanic slime creature! You burn the titanic slime creature.
The titanic slime creature is almost dead.
The titanic slime creature hits you!!!
You barely miss the titanic slime creature.
The titanic slime creature is almost dead.
The titanic slime creature hits you!!!!
Ouch! That really hurt!
You die...

##.#.#
....#
#...#
#...###
..... .○.
#J# #@#
#.# #.#
#.######<#
#........#
#..#######
#..# ##..#
#...#


You could see a titanic slime creature.

Vanquished Creatures
  Gastronok (D:8)
  A dire elephant (Lair:5)
  The ghost of DeadOnArrival the Grappler, a journeyman TrBe of Trog (Orc:2)
  2 ettins (Orc:2)
  7 vault guards
  A hydra (Lair:4)
  The ghost of wormed the Destroyer, a journeyman DsCj of Vehumet (D:14)
  A demonspawn (Orc:2)
  5 two-headed ogres
  7 boulder beetles
  4 centaur warriors
  10 death yaks
  3 catoblepae
  6 orc high priests
  A deep troll shaman (Lair:5)
  A tengu warrior (D:15)
  Urug (D:11)
  Nergalle (D:10)
  2 sun demons (Orc:2)
  Amaemon (D:8)
  4 skeletal warriors (D:14)
  A lindwurm (Lair:5)
  3 wizards
  An orb spider (shapeshifter) (D:12)
  2 bog bodies (Lair:3)
  Pikel (D:6)
  5 deep elf pyromancers
  7 orc sorcerers (Orc:2)
  12 orc knights
  8 manticores
  17 ugly things
  7 cyclopes
  3 elephants (Lair:5)
  10 cane toads
  Maurice (D:10)
  Joseph (D:9)
  A smoke demon (Orc:2)
  2 black mambas
  3 ice statues (IceCv)
  An orange demon (D:7)
  2 gargoyles (D:12)
  5 komodo dragons
  4 rime drakes
  3 unseen horrors
  Maggie (D:6)
  A tengu conjurer (D:15)
  An anaconda simulacrum (IceCv)
  2 ice devils (D:13)
  A red devil (Orc:2)
  4 polar bears
  10 trolls
  4 blink frogs (Lair:5)
  9 dream sheep (Lair:4)
  Grinder (D:6)
  6 slime creatures
  A shadow (D:12)
  Sigmund (D:5)
  4 wyverns
  A dire elephant simulacrum (IceCv)
  Eustachio (D:5)
  64 yaks
  A vampire (D:12)
  6 basilisks
  Menkaure (D:7)
  A steam dragon (D:8)
  2 swamp worms (Lair:3)
  Edmund (D:6)
  2 wargs (Orc:1)
  3 acid dragons
  23 water moccasins
  44 orc warriors
  Duvessa (D:4)
  A meliai simulacrum (D:12)
  An ice beast (D:13)
  2 black bears
  6 ogres
  A sky beast (D:7)
  12 wolves (Lair:5)
  8 centaurs
  3 phantoms
  2 lemures (D:6)
  7 gnoll sergeants
  6 kobold brigands
  A wyvern zombie (D:6)
  9 bullfrogs
  3 necrophages (D:6)
  9 scorpions
  3 cane toad simulacra (IceCv)
  3 water moccasin zombies (D:6)
  13 wights
  Dowan (D:4)
  2 elephant simulacra (IceCv)
  5 killer bees (D:11)
  7 howler monkeys
  9 electric eels
  8 hounds
  A human zombie (D:6)
  28 orc priests
  A bullfrog zombie (D:6)
  3 gnoll boudas
  A jelly (D:7)
  6 iguanas
  8 orc wizards
  2 polar bear simulacra (IceCv)
  A killer bee zombie (D:6)
  A howler monkey zombie (D:6)
  A mummy (D:6)
  6 adders
  32 gnolls
  A shadow imp (D:5)
  6 white imps
  4 ufetubi
  A worm (Lair:2)
  A dart slug (D:1)
  73 orcs
  4 ball pythons
  6 endoplasms
  8 giant cockroaches
  6 goblins
  7 hobgoblins
  8 jackals
  26 kobolds
  A quokka (D:1)
  8 bats
  A frilled lizard (D:1)
  3 rats
735 creatures vanquished.

Vanquished Creatures (collateral kills)
  A vault guard (D:14)
1 creature vanquished.

Vanquished Creatures (others)
  An orc wizard (D:12)
  A kobold (D:8)
  3 bushes (D:8)
  20 fungi
  49 plants
74 creatures vanquished.

Grand Total: 810 creatures vanquished

Notes
Turn   | Place    | Note
-------+----------+-------------------------------------------
     0 | D:1      | greasedhog the Draconian Fighter began the quest for the
                  | Orb.
     0 | D:1      | Reached XP level 1. HP: 19/19 MP: 1/1
   106 | D:1      | Reached XP level 2. HP: 26/26 MP: 2/2
   394 | D:1      | Found a faded altar of an unknown god.
  1160 | D:2      | Reached XP level 3. HP: 33/33 MP: 3/3
  1634 | D:3      | Reached skill level 4 in Fighting
  1956 | D:3      | Found Vyxtuoxt's Assorted Antiques.
  2073 | D:3      | Found a radiant altar of Vehumet.
  2162 | D:4      | Noticed a phantom
  2167 | D:4      | Reached XP level 4. HP: 33/41 MP: 4/4
  2330 | D:4      | Killed a phantom
  2331 | D:4      | Reached XP level 5. HP: 47/47 MP: 5/5
  2401 | D:4      | Identified the +1 robe "Owuuf" {Str+2}
  2612 | D:4      | Reached skill level 5 in Fighting
  2651 | D:4      | Reached XP level 6. HP: 26/56 MP: 6/6
  2804 | D:4      | Reached skill level 6 in Fighting
  2804 | D:4      | Reached skill level 5 in Long Blades
  2874 | D:4      | Your scales start taking on a dull iron-grey colour.
  2874 | D:4      | Reached XP level 7. HP: 63/63 MP: 7/7
  3298 | D:5      | Entered Level 5 of the Dungeon
  3321 | D:5      | Noticed Sigmund
  3324 | D:5      | Killed Sigmund
  3362 | D:5      | Found a sacrificial altar of Ru.
  3400 | D:5      | Reached skill level 7 in Fighting
  3407 | D:5      | Reached XP level 8. HP: 56/73 MP: 8/8
  3772 | D:5      | Found a shimmering blue altar of Sif Muna.
  3792 | D:5      | Noticed Duvessa
  3795 | D:5      | Noticed Dowan
  3801 | D:5      | Noticed Eustachio
  3817 | D:4      | Killed Duvessa
  3831 | D:4      | Killed Dowan
  3904 | D:5      | Killed Eustachio
  4116 | D:5      | Reached skill level 5 in Dodging
  4128 | D:5      | Reached skill level 8 in Fighting
  4239 | D:6      | Noticed Grinder
  4418 | D:6      | Noticed Pikel
  4455 | D:6      | Killed Pikel
  4633 | D:6      | Reached XP level 9. HP: 73/82 MP: 9/9
  4675 | D:6      | Killed Grinder
  4676 | D:6      | Reached skill level 9 in Fighting
  5080 | D:6      | Noticed Maggie
  5081 | D:6      | Noticed Edmund
  5108 | D:6      | Killed Maggie
  5118 | D:6      | Killed Edmund
  5611 | D:6      | Found a shadowy altar of Dithmenos.
  6396 | D:6      | Reached skill level 10 in Fighting
  6573 | D:6      | Found an ancient bone altar of Kikubaaqudgha.
  6974 | D:7      | Noticed a deep elf pyromancer
  6983 | D:7      | Killed an unseen horror
  6984 | D:7      | Reached XP level 10. HP: 41/91 MP: 10/10
  7003 | D:7      | Killed a deep elf pyromancer
  7698 | D:7      | Reached skill level 10 in Long Blades
  7740 | D:7      | Found a staircase to the Ecumenical Temple.
  7766 | D:7      | Noticed Menkaure
  7774 | D:7      | Killed Menkaure
  7783 | Temple   | Entered the Ecumenical Temple
  8362 | D:8      | Reached skill level 5 in Shields
  8420 | D:8      | Found a burning altar of Makhleb.
  8618 | D:8      | Noticed Amaemon
  8621 | D:8      | Noticed an orange demon
  8755 | D:7      | Killed an orange demon
  8797 | D:8      | Killed Amaemon
  9250 | D:8      | Found a glowing silver altar of Zin.
  9294 | D:8      | Reached XP level 11. HP: 41/99 MP: 11/11
  9502 | D:8      | Found a blossoming altar of Fedhas.
  9634 | D:8      | Noticed Gastronok
  9645 | D:8      | Killed Gastronok
 10289 | D:9      | Found Linta's Magic Scroll Emporium.
 10307 | D:9      | Noticed a two-headed ogre
 10368 | D:9      | Killed a two-headed ogre
 10530 | D:9      | Noticed a two-headed ogre
 10539 | D:9      | Killed a two-headed ogre
 10540 | D:9      | Reached skill level 10 in Dodging
 11397 | D:9      | Noticed Joseph
 11409 | D:9      | Killed Joseph
 11643 | D:9      | Found a white marble altar of Elyvilon.
 11667 | D:9      | Found a transporter.
 11786 | D:9      | Found a transporter.
 11839 | D:9      | Found a transporter.
 11858 | D:9      | Found a transporter.
 11986 | D:9      | Found an opulent altar of Gozag.
 11990 | D:9      | Found Gozag's Platinum Reserve.
 12054 | D:9      | Found an ornate altar of the Wu Jian Council.
 12113 | D:9      | Found a stormy altar of Qazlal.
 12137 | D:9      | Became a worshipper of Qazlal Stormbringer
 12206 | D:10     | Entered Level 10 of the Dungeon
 12217 | D:10     | Noticed Nergalle
 12232 | D:10     | Killed Nergalle
 12233 | D:10     | Reached skill level 1 in Invocations
 12295 | D:10     | Found a staircase to the Lair.
 12367 | D:10     | Identified the +8 flail of Might {distort, rC++}
 12458 | D:10     | Reached skill level 11 in Fighting
 12694 | D:10     | Noticed Maurice
 12706 | D:10     | Killed Maurice
 12830 | D:10     | Found a broken altar of Ashenzari.
 12880 | D:10     | Noticed a two-headed ogre
 12893 | D:10     | Killed a two-headed ogre
 12894 | D:10     | Reached XP level 12. HP: 91/110 MP: 13/13
 13295 | Lair:1   | Entered Level 1 of the Lair of Beasts
 13300 | D:10     | Upgraded the game from 0.30-a0-613-gdd512c7efb to
                  | 0.30-a0-618-gd6c86c23d0
 14109 | Lair:1   | Reached skill level 12 in Fighting
 14511 | Lair:2   | Found a hole to the Spider Nest.
 14654 | Lair:2   | Reached * piety under Qazlal
 14656 | Lair:2   | Noticed a boulder beetle
 14685 | Lair:2   | Killed a boulder beetle
 15063 | Lair:2   | Noticed a boulder beetle
 15234 | Lair:1   | Killed a boulder beetle
 15613 | Lair:2   | Got Zuposo's Teachings on Petrous Poison
 16391 | Lair:3   | Identified the ring "Ecraehawe" {rF+ rCorr AC+4 Int+3
                  | Dex-2}
 17001 | Lair:3   | Noticed a boulder beetle
 17014 | Lair:3   | Killed a boulder beetle
 17015 | Lair:3   | Reached skill level 5 in Invocations
 17025 | Lair:3   | Reached skill level 13 in Fighting
 17626 | Lair:3   | Found a staircase to the Swamp.
 17898 | Lair:3   | Reached XP level 13. HP: 122/122 MP: 17/17
 18124 | Lair:4   | Found a viscous altar of Jiyva.
 18127 | Lair:4   | Found a staircase to the Slime Pits.
 18541 | Lair:3   | Reached ** piety under Qazlal
 19487 | Lair:4   | Reached skill level 14 in Fighting
 19569 | Lair:4   | Reached skill level 10 in Shields
 19745 | Lair:4   | Found a blossoming altar of Fedhas.
 20266 | D:11     | Reached *** piety under Qazlal
 20282 | D:11     | Noticed Urug
 20300 | D:11     | Killed Urug
 20559 | D:11     | Found a staircase to the Orcish Mines.
 21204 | Orc:1    | Entered Level 1 of the Orcish Mines
 21408 | Orc:2    | Entered Level 2 of the Orcish Mines
 21662 | Orc:2    | Found Ykipeuse's Weapon Shoppe.
 21710 | Orc:2    | Reached **** piety under Qazlal
 21946 | Orc:2    | Found Hiwuof's Distillery.
 21958 | Orc:2    | Reached skill level 15 in Fighting
 21970 | Orc:2    | Found Anoppuisoy's Magic Scroll Shoppe.
 22189 | Orc:2    | Bought a scroll of identify for 24 gold pieces
 22244 | Orc:2    | Found a staircase to the Elven Halls.
 22247 | Orc:2    | Noticed an ettin
 22248 | Orc:2    | Noticed an ettin
 22250 | Orc:2    | Noticed DeadOnArrival's ghost (journeyman TrBe)
 22257 | Orc:2    | Killed an ettin
 22257 | Orc:2    | Reached ***** piety under Qazlal
 22258 | Orc:2    | Found a transporter.
 22349 | Orc:2    | Found a burning altar of Makhleb.
 22514 | Orc:2    | Paralysed by an orc sorcerer for 2 turns
 22528 | Orc:2    | Reached XP level 14. HP: 118/135 MP: 19/19
 22868 | Orc:2    | Found Xient's Antique Armour Shop.
 22868 | Orc:2    | Found Poen's Book Boutique.
 22869 | Orc:2    | Found a one-way gate leading to the halls of Pandemonium.
 22871 | Orc:2    | Bought the -2 hat of the Alchemist {rElec rPois rF+ rC+ rN+
                  | Will+ rMut rCorr} for 1227 gold pieces
 22871 | Orc:2    | Found the -2 hat of the Alchemist {rElec rPois rF+ rC+ rN+
                  | Will+ rMut rCorr}
 22941 | Orc:2    | Found a transporter.
 23448 | Orc:1    | Reached skill level 16 in Fighting
 23705 | Orc:2    | Killed DeadOnArrival's ghost
 23784 | Orc:2    | Identified a scroll of acquirement
 23784 | Orc:2    | Acquired a manual of Dodging
 23976 | Lair:5   | Entered Level 5 of the Lair of Beasts
 24915 | Lair:5   | Reached skill level 10 in Invocations
 25080 | Lair:5   | Reached XP level 15. HP: 48/144 MP: 22/22
 25760 | D:11     | Reached ****** piety under Qazlal
 26994 | D:13     | Found a frozen archway.
 27009 | IceCv    | Entered an ice cave
 27141 | IceCv    | Got Sif Muna's Dissertation on Calefaction and the Cwm
 28074 | D:13     | Reached skill level 15 in Dodging
 28202 | D:14     | Found a gate to the Vaults.
 28764 | D:14     | Found a runed translucent door.
 28765 | D:14     | Noticed wormed's ghost (journeyman DsCj)
 29032 | D:14     | Killed wormed's ghost
 29084 | D:15     | Entered Level 15 of the Dungeon
 29225 | D:15     | Reached XP level 16. HP: 149/151 MP: 26/26
 29256 | D:15     | Annihilated by a titanic slime creature

Illustrated notes

Levels and vault maps discovered:
D:1:      psy_arrival_radial01, layout_basic, serial_forest,
          infiniplex_forest_end_1, infiniplex_forest_clump_large,
          infiniplex_forest_lined_room_3, infiniplex_forest_lined_2,
          infiniplex_forest_clump_diagonal, infiniplex_forest_clump_medium,
          infiniplex_forest_straight_3, infiniplex_forest_zigzag_1,
          shapermc_ecumenical_altar_acropolis, minmay_worlds_worst_comb
D:2:      layout_basic
D:3:      layout_rooms, nicolae_vehumet_altar_sigil, serial_shops, shop_coins
D:4:      layout_loops_ring, minivault_4, grunt_ministairs_3
D:5:      layout_basic, nicolae_sif_muna_little_library,
          nicolae_ru_path_of_blood, uniq_sigmund, uniq_duvessa, uniq_eustachio
D:6:      cheibrodos_two_vegetables, layout_cave_pods,
          lemuel_mausoleum_altar_kikubaaqudgha, nicolae_dithmenos_the_darkroom,
          nicolae_fountain_basement, uniq_grinder, uniq_maggie, uniq_pikel,
          uniq_edmund
D:7:      layout_gridville, minmay_temple_entry_butterflies,
          minmay_manual_monstrance, uniq_menkaure
D:8:      layout_basic, zin_statuary, mainiacjoe_overflow_alcove_4,
          fedhas_altar_decomposition, uniq_amaemon, uniq_gastronok
D:9:      layout_basic, nicolae_elyvilon_temple_path, nzn_wu_jian_council_hall,
          grunt_qazlal_clouds, nicolae_gozag_zags_fifth_avenue, serial_shops,
          shop_statue, nicolae_transporter_intersection, uniq_joseph
D:10:     layout_roguey, mainiacjoe_overflow_tiny_flanked, lair_entry_dummy,
          uniq_nergalle, uniq_maurice
D:11:     layout_gridville, kennysheep_orc_monster_closet_entryway, uniq_urug
D:12:     minmay_quarter_circles, layout_irregular_city, minmay_microvault
D:13:     wander_river, layout_loops_corners, serial_ice, serial_ice_m,
          serial_ice_n, serial_ice_a, serial_ice_o,
          portal_ice_cave_demonic_guard, gauntlet_entry_generic
D:14:     layout_gridville, erik_vaults_2, nrook_uturn,
          ebering_ghost_reflecting_pool
D:15:     grunt_enter_depths_hoard, layout_loops_ring
Temple:   nicolae_temple_ecumenical_triangle
Lair:1:   layout_roguey, minivault_25
Lair:2:   layout_gridlike, nicolae_spider_entry_non_spiders,
          dreamdust_mushroom_princess
Lair:3:   layout_concentric_octagons, nicolae_swamp_entry_splash_gauntlet
Lair:4:   layout_roguey, dpeg_slime_entry_corner, basic_altar,
          grunt_megastairs_5
Lair:5:   grunt_lair_end_beastmaster, layout_regular_city, serial_bayou_shore_b,
          infiniplex_staircase_pool
Orc:1:    layout_diamond_mine, special_room [special_room_orc]
Orc:2:    pf_orc_diabolical, layout_caves, gammafunk_ghost_arena, basic_altar,
          serial_shops, shop

Skill      XL: |  1  2  3  4  5  6  7  8  9 10 11 12 13 14 15 |
---------------+----------------------------------------------+-----
Dodging        | 3 4 5 6 8 10 12 15 | 15.4
Fighting       | 4 5 6 7 8 10 11 13 15 16 | 16.2
Long Blades    | 3 4 5 6 7 9 11 13 14 | 14.0
Shields        | 5 7 12 14 | 14.1
Invocations    | 2 5 7 10 13 | 13.5

Action                   |  1- 3 |  4- 6 |  7- 9 | 10-12 | 13-15 | 16-18 || total
-------------------------+-------+-------+-------+-------+-------+-------++-------
Melee: Long sword        |    98 |    69 |   514 |  1024 |  1764 |    32 ||  3501
       Tailslap          |    15 |     9 |    92 |   183 |   364 |    13 ||   676
       Dagger            |       |       |    31 |       |       |       ||    31
Throw: Throwing net      |       |       |     1 |     2 |     1 |       ||     4
       Dart              |       |       |       |    20 |     8 |       ||    28
Invok: Upheaval          |       |       |       |       |     4 |       ||     4
       Elemental Force   |       |       |       |       |     1 |       ||     1
Evoke: Wand              |       |     5 |    11 |    20 |     8 |       ||    44
  Use: Scroll            |     6 |       |     2 |    12 |     9 |       ||    29
       Potion            |       |     1 |     2 |     1 |     1 |       ||     5
 Stab: Sleeping          |     6 |       |     2 |       |       |       ||     8
       Distracted        |       |     1 |       |       |       |       ||     1
       Held in net/web   |       |       |       |     2 |     1 |       ||     3
       Petrified         |       |       |       |       |    12 |       ||    12
Armor: Skin              |    23 |    23 |   234 |   259 |   385 |     1 ||   925
Dodge: Dodged            |    51 |    56 |   362 |   521 |   583 |     6 ||  1579
       Repelled          |       |       |       |       |     4 |       ||     4
Block: Buckler           |    14 |    17 |   141 |   151 |       |       ||   323
       Kite shield       |       |       |       |   129 |  1315 |    10 ||  1454

Table legend: (Time is in decaauts)
 A = Elapsed time spent in this place.
 B = Non-inter-level travel time spent in this place.
 C = Inter-level travel time spent in this place.
 D = Time resting spent in this place.
 E = Time spent auto-exploring this place.
 F = Levels seen in this place.
 G = Mean time per level.
                   A        B        C        D        E       F      G
               +--------+--------+--------+--------+--------+-----+--------+
         Total |  28861 |  26694 |   2167 |   5655 |  14577 |  24 | 1202.5 |
       Dungeon |  18280 |  16890 |   1390 |   2728 |  10009 |  15 | 1218.7 |
        Temple |     45 |     45 |      0 |      0 |     35 |   1 |   45.0 |
          Lair |   7830 |   7282 |    548 |   2522 |   3443 |   5 | 1566.0 |
  Orcish Mines |   2545 |   2318 |    227 |    404 |   1075 |   2 | 1272.5 |
      Ice Cave |    159 |    159 |      0 |      0 |     15 |   1 |  159.0 |
               +--------+--------+--------+--------+--------+-----+--------+

Top non-repeatable levels by time:
     D:6: 2532 daAuts
  Lair:3: 2228 daAuts
     D:8: 1800 daAuts
   Orc:2: 1712 daAuts
     D:7: 1670 daAuts
     D:9: 1660 daAuts
  Lair:2: 1622 daAuts
  Lair:1: 1388 daAuts
  Lair:5: 1348 daAuts
    D:11: 1301 daAuts
    D:10: 1286 daAuts
  Lair:4: 1243 daAuts
    D:14: 1189 daAuts
     D:5: 1174 daAuts
    D:13: 1113 daAuts
